[ AOE2 MATCH · #492908859 ]
UnrankedBerbers vs Lithuanians
Player's team · WIN
[ REPLAY ANALYSIS · EXTRACTED FROM THE RECORDED GAME ]
Feudal
9:16
Castle
17:47
Imperial
34:47
| APM avg | 74.1 |
| APM peak | 108 |
| eAPM avg | 38.3 |
| Villagers / military | 140 / 48 |
Focus
⚔️ 52.9% · 🌾 47.1%
Camel Archer ×16 · Genitour ×15 · Skirmisher ×5 · Monk ×4 · Knight ×4 · Trebuchet (Packed) ×3
Feudal
8:51
Castle
20:03
Imperial
33:58
| APM avg | 73.3 |
| APM peak | 137 |
| eAPM avg | 31.2 |
| Villagers / military | 121 / 77 |
Focus
⚔️ 40.3% · 🌾 59.7%
Archer ×33 · Knight ×28 · Monk ×5 · Spearman ×5 · Militia ×4 · Trebuchet (Packed) ×2
Match map
Initial resources + every placement click. Lines = walls · curves = elevation contours. ◆ gold · ⬟ stone · ● berries · ✦ relic · ◌ wall gap
Your base· ✓ Closed at 17:47 · 74t walls · no gate
Edelreiss's base· ✓ Closed at 20:03 · 42t walls · no gate
Smoothed initial terrain · ◌ = detected wall gap · hover for details
Inputs per minute
— TAG_Sitaux - - Edelreiss
Build order — TAG_Sitaux
First 150 of 354 actions detected
| 0:00 | Create | Villager (Male) |
| 0:01 | Create | Villager (Male) |
| 0:02 | Build | House |
| 0:02 | Build | House |
| 0:07 | Create | Villager (Male) |
| 0:08 | Create | Villager (Male) |
| 0:09 | Create | Villager (Male) |
| 1:23 | Create | Villager (Male) |
| 1:49 | Create | Villager (Male) |
| 1:49 | Create | Villager (Male) |
| 2:23 | Create | Villager (Male) |
| 2:40 | Build | Lumber Camp |
| 2:41 | Create | Villager (Male) |
| 2:44 | Build | Lumber Camp |
| 3:14 | Create | Villager (Male) |
| 3:26 | Build | House |
| 3:27 | Build | House |
| 3:33 | Create | Villager (Male) |
| 3:53 | Build | House |
| 4:00 | Create | Villager (Male) |
| 4:11 | Build | Palisade Wall |
| 4:21 | Create | Villager (Male) |
| 4:48 | Create | Villager (Male) |
| 5:13 | Build | Mill |
| 5:23 | Create | Villager (Male) |
| 5:48 | Create | Villager (Male) |
| 6:10 | Create | Villager (Male) |
| 6:15 | Build | Palisade Wall |
| 6:37 | Research | Loom |
| 6:57 | Research | Feudal Age |
| 6:58 | Research | Feudal Age |
| 7:07 | Build | Palisade Wall |
| 7:25 | Build | Palisade Wall |
| 7:26 | Build | Palisade Wall |
| 7:28 | Build | Palisade Wall |
| 8:05 | Build | Barracks |
| 8:21 | Create | Villager (Male) |
| 8:41 | Build | Palisade Wall |
| 9:16 | Age | Feudal Age |
| 9:20 | Build | Archery Range |
| 9:22 | Research | Double-Bit Axe |
| 9:26 | Create | Villager (Male) |
| 9:46 | Build | House |
| 9:47 | Build | House |
| 9:52 | Create | Villager (Male) |
| 10:07 | Build | Farm |
| 10:09 | Build | Farm |
| 10:15 | Create | Archer |
| 10:20 | Build | Farm |
| 10:21 | Create | Villager (Male) |
| 10:31 | Build | Palisade Wall |
| 10:36 | Create | Villager (Male) |
| 10:38 | Build | Farm |
| 10:52 | Build | House |
| 10:57 | Build | Palisade Wall |
| 11:00 | Create | Villager (Male) |
| 11:06 | Build | Farm |
| 11:17 | Create | Villager (Male) |
| 11:25 | Build | House |
| 11:34 | Build | Farm |
| 11:43 | Create | Villager (Male) |
| 11:46 | Build | Stone Wall |
| 11:48 | Build | Stone Wall |
| 11:57 | Build | Stone Wall |
| 12:00 | Build | Gate |
| 12:10 | Create | Villager (Male) |
| 12:16 | Build | House |
| 12:16 | Build | Palisade Wall |
| 12:31 | Build | Mining Camp |
| 12:32 | Create | Villager (Male) |
| 12:47 | Build | Stone Wall |
| 12:53 | Build | Stone Wall |
| 13:03 | Build | Stone Wall |
| 13:11 | Create | Villager (Male) |
| 13:18 | Build | Blacksmith |
| 13:43 | Create | Villager (Male) |
| 13:55 | Build | Farm |
| 14:04 | Create | Villager (Male) |
| 14:14 | Build | House |
| 14:18 | Create | Skirmisher |
| 14:21 | Create | Villager (Male) |
| 14:29 | Create | Skirmisher |
| 14:45 | Build | Stone Wall |
| 14:50 | Create | Villager (Male) |
| 15:07 | Research | Castle Age |
| 15:07 | Create | Skirmisher |
| 15:12 | Build | House |
| 15:15 | Build | House |
| 15:16 | Build | Stone Wall |
| 15:17 | Create | Skirmisher |
| 15:27 | Research | Fletching |
| 15:27 | Research | Fletching |
| 15:41 | Build | Farm |
| 15:46 | Create | Skirmisher |
| 15:49 | Build | House |
| 16:09 | Research | Padded Archer Armor |
| 16:22 | Build | House |
| 16:25 | Build | Farm |
| 16:33 | Build | Mining Camp |
| 17:00 | Create | Villager (Male) |
| 17:18 | Build | Stable |
| 17:40 | Research | Horse Collar |
| 17:43 | Create | Villager (Male) |
| 17:47 | Age | Castle Age |
| 17:59 | Create | Knight |
| 18:04 | Build | Monastery |
| 18:09 | Create | Knight |
| 18:13 | Research | Scale Barding Armor |
| 18:27 | Create | Villager (Male) |
| 18:31 | Create | Knight |
| 18:38 | Build | Farm |
| 18:39 | Build | Farm |
| 18:48 | Create | Monk |
| 18:51 | Create | Villager (Male) |
| 19:10 | Create | Villager (Male) |
| 19:18 | Create | Villager (Male) |
| 19:30 | Create | Knight |
| 19:42 | Build | Town Center |
| 19:51 | Create | Monk |
| 19:51 | Create | Monk |
| 19:54 | Create | Villager (Male) |
| 20:20 | Build | Farm |
| 20:23 | Create | Villager (Male) |
| 20:43 | Create | Villager (Male) |
| 20:55 | Research | Bloodlines |
| 21:00 | Build | Farm |
| 21:01 | Build | Farm |
| 21:04 | Create | Villager (Male) |
| 21:05 | Build | Farm |
| 21:18 | Build | Lumber Camp |
| 21:22 | Create | Villager (Male) |
| 21:29 | Build | Farm |
| 21:33 | Create | Villager (Male) |
| 21:33 | Create | Villager (Male) |
| 21:50 | Create | Villager (Male) |
| 21:54 | Create | Villager (Male) |
| 22:04 | Build | Town Center |
| 22:08 | Create | Villager (Male) |
| 22:23 | Create | Villager (Male) |
| 22:26 | Create | Genitour |
| 22:31 | Create | Villager (Male) |
| 22:33 | Build | Archery Range |
| 22:44 | Create | Genitour |
| 22:52 | Create | Villager (Male) |
| 22:58 | Create | Villager (Male) |
| 23:05 | Build | Farm |
| 23:06 | Build | Farm |
| 23:08 | Build | Farm |
| 23:16 | Create | Villager (Male) |
| 23:21 | Create | Villager (Male) |
Build order — Edelreiss
First 150 of 357 actions detected
| 0:00 | Create | Villager (Male) |
| 0:00 | Create | Villager (Male) |
| 0:01 | Create | Villager (Male) |
| 0:02 | Build | House |
| 0:02 | Build | House |
| 0:09 | Create | Villager (Male) |
| 0:12 | Create | Villager (Male) |
| 0:13 | Create | Villager (Male) |
| 1:26 | Create | Villager (Male) |
| 1:26 | Create | Villager (Male) |
| 1:56 | Build | Lumber Camp |
| 1:57 | Create | Villager (Male) |
| 2:13 | Create | Villager (Male) |
| 2:52 | Create | Villager (Male) |
| 3:00 | Create | Villager (Male) |
| 3:31 | Create | Villager (Male) |
| 3:31 | Create | Villager (Male) |
| 3:56 | Build | House |
| 3:58 | Build | House |
| 4:03 | Create | Villager (Male) |
| 4:05 | Create | Villager (Male) |
| 5:15 | Create | Villager (Male) |
| 5:40 | Build | Barracks |
| 5:52 | Research | Loom |
| 6:18 | Build | House |
| 6:35 | Research | Feudal Age |
| 6:57 | Create | Militia |
| 6:57 | Create | Militia |
| 7:05 | Build | Mining Camp |
| 7:15 | Create | Militia |
| 7:46 | Create | Militia |
| 8:12 | Create | Villager (Male) |
| 8:32 | Build | House |
| 8:35 | Create | Villager (Male) |
| 8:51 | Age | Feudal Age |
| 8:54 | Research | Man-at-Arms (upgrade) |
| 8:55 | Research | Double-Bit Axe |
| 8:55 | Research | Double-Bit Axe |
| 8:57 | Build | Archery Range |
| 9:15 | Create | Villager (Male) |
| 9:28 | Build | Palisade Wall |
| 9:40 | Build | Palisade Wall |
| 9:47 | Build | Mill |
| 9:53 | Create | Archer |
| 9:56 | Create | Villager (Male) |
| 10:00 | Create | Villager (Male) |
| 10:05 | Build | Blacksmith |
| 10:28 | Build | Palisade Wall |
| 10:33 | Build | Palisade Wall |
| 10:37 | Create | Archer |
| 10:44 | Build | Farm |
| 10:48 | Build | Farm |
| 10:54 | Create | Villager (Male) |
| 11:04 | Create | Archer |
| 11:10 | Build | Farm |
| 11:14 | Create | Villager (Male) |
| 11:34 | Build | Farm |
| 11:34 | Create | Villager (Male) |
| 11:36 | Create | Archer |
| 11:51 | Build | Farm |
| 11:54 | Build | House |
| 12:03 | Create | Villager (Male) |
| 12:08 | Build | Farm |
| 12:14 | Create | Archer |
| 12:18 | Build | House |
| 12:22 | Build | Palisade Wall |
| 12:28 | Create | Villager (Male) |
| 12:29 | Build | Farm |
| 12:38 | Build | Palisade Wall |
| 12:42 | Build | House |
| 12:45 | Create | Archer |
| 12:58 | Create | Villager (Male) |
| 13:13 | Build | Palisade Wall |
| 13:18 | Build | Palisade Wall |
| 13:18 | Create | Villager (Male) |
| 13:21 | Build | Farm |
| 13:27 | Create | Archer |
| 13:42 | Research | Fletching |
| 13:42 | Research | Fletching |
| 13:51 | Create | Villager (Male) |
| 13:53 | Build | Palisade Wall |
| 14:04 | Create | Villager (Male) |
| 14:06 | Build | Farm |
| 14:08 | Build | Farm |
| 14:16 | Create | Villager (Male) |
| 14:18 | Build | Farm |
| 14:24 | Build | Palisade Wall |
| 14:27 | Create | Archer |
| 14:33 | Create | Villager (Male) |
| 14:44 | Create | Villager (Male) |
| 14:47 | Build | Palisade Wall |
| 14:48 | Create | Archer |
| 14:50 | Create | Villager (Male) |
| 14:53 | Build | Farm |
| 15:09 | Create | Archer |
| 15:11 | Build | House |
| 15:27 | Create | Villager (Male) |
| 15:29 | Build | Farm |
| 15:42 | Create | Villager (Male) |
| 15:45 | Create | Archer |
| 15:50 | Build | House |
| 15:52 | Build | House |
| 15:54 | Build | Farm |
| 16:11 | Create | Villager (Male) |
| 16:25 | Create | Villager (Male) |
| 16:28 | Build | House |
| 16:29 | Build | House |
| 16:52 | Create | Villager (Male) |
| 17:06 | Build | Archery Range |
| 17:24 | Research | Castle Age |
| 17:24 | Research | Castle Age |
| 17:45 | Create | Archer |
| 17:46 | Create | Archer |
| 17:53 | Research | Gold Mining |
| 17:53 | Research | Gold Mining |
| 17:58 | Create | Archer |
| 18:13 | Create | Archer |
| 18:44 | Create | Archer |
| 19:00 | Create | Archer |
| 19:09 | Create | Archer |
| 19:11 | Create | Archer |
| 19:12 | Create | Villager (Male) |
| 19:17 | Create | Villager (Male) |
| 19:19 | Create | Archer |
| 19:21 | Create | Villager (Male) |
| 19:24 | Create | Villager (Male) |
| 19:30 | Research | Horse Collar |
| 19:32 | Create | Archer |
| 19:50 | Create | Archer |
| 19:54 | Build | Lumber Camp |
| 19:56 | Create | Archer |
| 20:03 | Age | Castle Age |
| 20:06 | Research | Crossbowman (upgrade) |
| 20:06 | Research | Crossbowman (upgrade) |
| 20:11 | Research | Bodkin Arrow |
| 20:12 | Research | Bodkin Arrow |
| 20:17 | Create | Villager (Male) |
| 20:43 | Research | Bow Saw |
| 20:44 | Create | Archer |
| 20:48 | Create | Archer |
| 20:54 | Build | Palisade Gate |
| 20:57 | Create | Villager (Male) |
| 21:00 | Build | Farm |
| 21:02 | Build | Farm |
| 21:02 | Create | Archer |
| 21:08 | Build | Farm |
| 21:08 | Build | Farm |
| 21:10 | Create | Villager (Male) |
| 21:19 | Create | Archer |
| 21:28 | Create | Archer |
Match timeline
| 4:11 | TAG_Sitaux · wall_segment Palisade Wall x10 |
| 5:40 | Edelreiss · first_building Barracks |
| 6:15 | TAG_Sitaux · wall_segment Palisade Wall x6 |
| 7:07 | TAG_Sitaux · wall_segment Palisade Wall x16 |
| 7:25 | TAG_Sitaux · wall_segment Palisade Wall x1 |
| 7:26 | TAG_Sitaux · wall_segment Palisade Wall x1 |
| 7:28 | TAG_Sitaux · wall_segment Palisade Wall x5 |
| 8:05 | TAG_Sitaux · first_building Barracks |
| 8:41 | TAG_Sitaux · wall_segment Palisade Wall x5 |
| 8:51 | Edelreiss · age_up feudal |
| 8:57 | Edelreiss · first_building Archery Range |
| 9:16 | TAG_Sitaux · age_up feudal |
| 9:20 | TAG_Sitaux · first_building Archery Range |
| 9:28 | Edelreiss · wall_segment Palisade Wall x1 |
| 9:40 | Edelreiss · wall_segment Palisade Wall x1 |
| 10:28 | Edelreiss · wall_segment Palisade Wall x1 |
| 10:31 | TAG_Sitaux · wall_segment Palisade Wall x1 |
| 10:33 | Edelreiss · wall_segment Palisade Wall x5 |
| 10:57 | TAG_Sitaux · wall_segment Palisade Wall x1 |
| 11:46 | TAG_Sitaux · wall_segment Stone Wall x1 |
| 11:48 | TAG_Sitaux · wall_segment Stone Wall x8 |
| 11:57 | TAG_Sitaux · wall_segment Stone Wall x5 |
| 12:16 | TAG_Sitaux · wall_segment Palisade Wall x1 |
| 12:22 | Edelreiss · wall_segment Palisade Wall x1 |
| 12:38 | Edelreiss · wall_segment Palisade Wall x9 |
| 12:47 | TAG_Sitaux · wall_segment Stone Wall x1 |
| 12:53 | TAG_Sitaux · wall_segment Stone Wall x3 |
| 13:03 | TAG_Sitaux · wall_segment Stone Wall x6 |
| 13:13 | Edelreiss · wall_segment Palisade Wall x12 |
| 13:18 | Edelreiss · wall_segment Palisade Wall x5 |
| 13:53 | Edelreiss · wall_segment Palisade Wall x1 |
| 14:24 | Edelreiss · wall_segment Palisade Wall x3 |
| 14:45 | TAG_Sitaux · wall_segment Stone Wall x5 |
| 14:47 | Edelreiss · wall_segment Palisade Wall x4 |
| 15:16 | TAG_Sitaux · wall_segment Stone Wall x1 |
| 17:18 | TAG_Sitaux · first_building Stable |
| 17:47 | TAG_Sitaux · age_up castle |
| 18:04 | TAG_Sitaux · first_building Monastery |
| 20:03 | Edelreiss · age_up castle |
| 21:42 | Edelreiss · first_building Monastery |
| 23:56 | Edelreiss · first_building Stable |
| 29:02 | Edelreiss · first_market_buy 100 stone |
| 30:33 | TAG_Sitaux · first_building Castle |
| 33:58 | Edelreiss · age_up imperial |
| 34:16 | Edelreiss · first_building Castle |
| 34:47 | TAG_Sitaux · age_up imperial |
| 34:59 | TAG_Sitaux · first_market_sell 100 food |
| 35:22 | Edelreiss · resign |
[ AI ANALYSIS · 1 CREDIT ]
What really happened in this match?
Wolo.gg analyzes every decision: build order, eco, micro, common mistakes by bracket. Personalized analysis on WhatsApp or Discord in 30 seconds.
Civ guide
Berbers
Perfil
Jugador #212721